 Dungeon Crawl Stone Soup version 0.18-a0-1267-gff090c1 (webtiles) character file.

315 Lektor the Conjurer (level 6, -7/41 HPs)
             Began as a Human Conjurer on Feb 7, 2016.
             Was an Initiate of Vehumet.
             Mangled by a scorpion (9 damage)
             ... on level 4 of the Dungeon.
             The game lasted 00:27:40 (3402 turns).

Lektor the Conjurer (Human Conjurer)                Turns: 3402, Time: 00:27:40

Health: -7/41      AC:  5    Str:  9    XL:     6   Next: 72%
Magic:  5/10       EV: 12    Int: 17    God:    Vehumet [......]
Gold:   197        SH:  4    Dex: 13    Spells: 3 memorised, 2 levels left

rFire  . . .     SeeInvis +     H - +0 rapier
rCold  . . .     Gourm    .     a - +0 robe
rNeg   . . .     Faith    .     o - +0 buckler
rPois  .         Spirit   .     (no helmet)
rElec  .         Dismiss  .     (no cloak)
rCorr  .         Reflect  .     v - +0 pair of gloves
SustAt .         Harm     .     q - +1 pair of boots
MR     +....                    (no amulet)
Stlth  ++........               D - ring of see invisible
                                G - ring of protection from magic

@: lethally poisoned (-7 -> -16), exhausted, slowed, very slow, somewhat
resistant to hostile enchantments, unstealthy
A: hooves 2, high mp 1
a: Renounce Religion


You were on level 4 of the Dungeon.
You worshipped Vehumet.
Vehumet was noncommittal.
You were very hungry.

You visited 1 branch of the dungeon, and saw 4 of its levels.

You collected 197 gold pieces.

Inventory:

Hand Weapons
 g - a +0 club
 l - a +1 dagger of draining
 A - a +1 dagger of draining
 H - a +0 rapier (weapon)
Missiles
 h - 102 stones (quivered)
 j - 20 arrows of dispersal
 k - 19 poisoned sling bullets
 w - a throwing net
 x - 57 arrows
 E - 3 exploding sling bullets
 I - 4 tomahawks
 J - 9 poisoned needles
 L - 16 sling bullets
Armour
 a - a +0 robe (worn)
 o - a +0 buckler (worn)
 q - a +1 pair of boots (worn)
 r - a +0 buckler
 v - a +0 pair of gloves (worn)
Jewellery
 f - an uncursed ring of sustain attributes
 D - a ring of see invisible (right hand)
 G - a ring of protection from magic (left hand)
Wands
 y - a wand of slowing (22/48)
Scrolls
 d - 4 scrolls of teleportation
 e - 2 scrolls of recharging {unknown}
 i - 9 scrolls of identify
 n - a scroll of magic mapping {unknown}
 p - 4 scrolls of remove curse {unknown}
 M - a scroll of fog {unknown}
Potions
 m - a potion of agility
 t - a potion of cure mutation
Books
 b - a book of Conjurations

   Spells                             Type                      Level
   a - Magic Dart                     Conjuration                  1
   b - Searing Ray                    Conjuration                  2
   c - Dazzling Spray                 Conjuration/Hexes            3
   d - Fulminant Prism                Conjuration/Hexes            4
   e - Iskenderun's Mystic Blast      Conjuration                  4
   f - Iskenderun's Battlesphere      Conjuration/Charms           5
Comestibles
 c - 2 bread rations
 s - a beef jerky
 u - a meat ration
 B - a chunk of flesh


   Skills:
 - Level 2.0 Dodging
 - Level 2.0 Stealth
 + Level 3.1 Shields
 - Level 2.6 Spellcasting
 - Level 4.9 Conjurations
 + Level 3.7 Hexes


You had 2 spell levels left.
You knew the following spells:

 Your Spells              Type           Power        Failure   Level  Hunger
a - Magic Dart            Conj           ###.         2%          1    #......
b - Dazzling Spray        Conj/Hex       ###.....     14%         3    ###....
c - Fulminant Prism       Conj/Hex       ###.......   38%         4    #####..


Dungeon Overview and Level Annotations

Branches:
Dungeon (4/15)
 Temple: D:4-7

Altars:
Ashenzari
Dithmenos
Nemelex Xobeh
Qazlal
Trog
Vehumet


Innate Abilities, Weirdness & Mutations

You have hoof-like feet.
You have an increased reservoir of magic (+10% MP).


Message History

A scorpion, an ogre and a skeleton come into view.
The helpless scorpion fails to defend itself.
You hit the scorpion.
The scorpion is lightly wounded.
The ogre shouts!
The scorpion stings you!
* * * LOW HITPOINT WARNING * * *
You are lethally poisoned!
The scorpion poisons you! The scorpion completely misses you.
Read which item? (? for menu, Esc to quit)
Okay, then.
Drink which item? (? for menu, Esc to quit)
Okay, then.
Read which item? (? for menu, Esc to quit)
As you read the scroll labeled IMMUUDD TUTSAE, it crumbles to dust.
Your +0 rapier glows brilliant indigo for a moment.
It was a scroll of random uselessness.
* * * LOW HITPOINT WARNING * * *
You feel sick. The scorpion stings you!
You die...

$....
..#.....##
............
...........
....>.....# #
..O.......#
.#.
.......)#....
...........
##.s.......
#..@# #(..#Z#
....# ..# .##
#.## .. ...
... ####


You could see an ogre, a scorpion and a centaur skeleton.

Vanquished Creatures
  A hound (D:3)
  Jessica (D:2)
  Natasha (thrice) (D:2)
  A worker ant (D:3)
  6 adders
  2 oozes (D:3)
  5 giant geckos
  7 orcs
  2 ball pythons
  A giant cockroach (D:3)
  14 goblins
  8 hobgoblins
  2 jackals (D:1)
  3 quokkas
  12 bats
  A giant newt (D:2)
  10 kobolds
  6 rats
85 creatures vanquished.

Notes
Turn   | Place    | Note
--------------------------------------------------------------
     0 | D:1      | Lektor the Human Conjurer began the quest for the Orb.
     0 | D:1      | Reached XP level 1. HP: 13/13 MP: 3/3
   206 | D:1      | Reached XP level 2. HP: 17/19 MP: 0/5
   894 | D:1      | Reached XP level 3. HP: 24/24 MP: 1/6
   999 | D:2      | Learned a level 3 spell: Dazzling Spray
  1038 | D:2      | Reached skill level 1 in Shields
  1161 | D:2      | Reached XP level 4. HP: 18/30 MP: 0/7
  1323 | D:2      | Learned a level 4 spell: Fulminant Prism
  1345 | D:2      | Reached skill level 1 in Hexes
  1448 | D:2      | Noticed Jessica
  1451 | D:2      | Killed Jessica
  1495 | D:2      | Found a bloodstained altar of Trog.
  1580 | D:2      | Found a stormy altar of Qazlal.
  1582 | D:2      | Noticed an air elemental
  1616 | D:2      | Noticed an earth elemental
  1617 | D:2      | Noticed a water elemental
  1617 | D:2      | Noticed a fire elemental
  1650 | D:2      | Noticed Natasha
  1668 | D:2      | Killed Natasha
  1668 | D:2      | Reached XP level 5. HP: 18/35 MP: 6/8
  1779 | D:2      | Noticed Natasha
  1789 | D:2      | Killed Natasha
  1843 | D:2      | Noticed Natasha
  1853 | D:2      | Killed Natasha
  1948 | D:2      | Found a shadowy altar of Dithmenos.
  1959 | D:2      | Reached XP level 6. HP: 39/41 MP: 5/9
  2358 | D:3      | Found a shattered altar of Ashenzari.
  2668 | D:3      | Found a faded altar to an unknown god.
  2851 | D:3      | Found a sparkling altar of Nemelex Xobeh.
  2851 | D:3      | Found a radiant altar of Vehumet.
  2854 | D:3      | Found a bloodstained altar of Trog.
  2860 | D:3      | Became a worshipper of Vehumet
  3336 | D:4      | Noticed an ogre
  3336 | D:4      | Noticed a phantom
  3387 | D:4      | Gained mutation: You have large cloven feet. [potion of mutation]
  3387 | D:4      | Gained mutation: You have an increased reservoir of magic (+10% MP). [potion of mutation]
  3387 | D:4      | Gained mutation: You have hoof-like feet. [potion of mutation]
  3401 | D:4      | Noticed an ogre
  3402 | D:4      | HP: 2/41 [poisoned by a scorpion]
  3402 | D:4      | Mangled by a scorpion

Vault maps used:
D:1:      saegor_arrival_simple_c
D:2:      grunt_dithmenos_smoke, nicolae_overflow_hidden_temple,
          nicolae_qazlal_style_of_elements, trog_hazing_becter, uniq_jessica,
          uniq_natasha
D:3:      gammafunk_temple_overflow_claw, ashenzari_conservatory_becter,
          ecumenical_altar_2, grunt_ministairs_14, grunt_decor_one_mirror,
          kennysheep_pointless_box
D:4:      fedhas_altar_1, first_bread, nicolae_ossuary_entry_monument,
          serial_shops, shop

Action                   |  1- 3 |  4- 6 || total
-------------------------+-------+-------++-------
Melee: Dagger            |    16 |   105 ||   121
       Rapier            |       |    29 ||    29
Throw: Stone             |     6 |    13 ||    19
 Cast: Magic Dart        |    47 |    64 ||   111
       Dazzling Spray    |     2 |    12 ||    14
Evoke: Wand              |       |     1 ||     1
  Use: Potion            |     1 |     4 ||     5
       Scroll            |       |     4 ||     4
 Stab: Sleeping          |       |     7 ||     7
       Invisible         |       |     2 ||     2
  Eat: Chunk             |     1 |     9 ||    10
